 Dungeon Crawl Stone Soup version 0.19-a0-1856-g32653aa (webtiles) character file.

40084 PurpleRed the Destroyer (level 14, -3/80 HPs)
             Began as a Kobold Wizard on Oct 11, 2016.
             Was a High Priest of Vehumet.
             Killed from afar by a deep elf knight (40 damage)
             ... with a shard of ice
             ... on level 12 of the Dungeon.
             The game lasted 02:22:45 (8969 turns).

PurpleRed the Destroyer (Kobold Wizard)             Turns: 8969, Time: 02:22:46

Health: -3/80      AC:  6    Str:  5    XL:     14   Next: 43%
Magic:  23/30      EV: 26    Int: 26    God:    Vehumet [*****.]
Gold:   1363       SH:  0    Dex: 18    Spells: 11 memorised, 7 levels left

rFire  . . .     SeeInvis .     c - +7 dagger (venom)
rCold  . . .     Gourm    .     H - +0 robe "Ibutty" {rPois Dex+4}
rNeg   . . .     Faith    .     (shield restricted)
rPois  +         Spirit   .     A - +1 hat
rElec  .         Dismiss  .     S - +0 cloak {+Inv}
rCorr  .         Reflect  .     h - +1 pair of gloves
MR     +....     Harm     .     (no boots)
Stlth  ++++......               C - amulet of regeneration
                                I - +5 ring of evasion (curse)
                                w - +3 ring of intelligence

@: no status effects
A: carnivore 3
a: Renounce Religion, Evoke Invisibility


You were on level 12 of the Dungeon.
You worshipped Vehumet.
Vehumet was extremely pleased with you.
You were not hungry.

You visited 4 branches of the dungeon, and saw 21 of its levels.

You collected 1802 gold pieces.
You spent 439 gold pieces at shops.

Inventory:

Hand Weapons
 c - a +7 dagger of venom (weapon)
 k - a +1 dagger of electrocution
 r - a +0 blowgun
 Q - the +6 broad axe "Peomevush" {drain, +Fly rC+ MR+ Dex+2}
   (You found it on level 4 of the Lair of Beasts)

   A truly terrible weapon, it drains the life of those it strikes.
   It affects your dexterity (+2).
   It protects you from cold.
   It affects your resistance to hostile enchantments.
   It lets you fly.
Missiles
 j - 69 poisoned needles
 D - a throwing net (quivered)
Armour
 h - a +1 pair of gloves (worn)
 y - a +2 robe of resistance
 A - a +1 hat (worn)
 F - a +1 leather armour of fire resistance
 G - +0 steam dragon scales
 H - the +0 robe "Ibutty" (worn) {rPois Dex+4}
   (You found it on level 3 of the Lair of Beasts)

   It affects your dexterity (+4).
   It protects you from poison.
 S - a +0 cloak of invisibility (worn)
Magical Staves
 a - an uncursed staff of conjuration
 b - an uncursed staff of energy
 J - an uncursed staff of death
Jewellery
 e - a +6 ring of dexterity
 w - a +3 ring of intelligence (left hand)
 C - an amulet of regeneration (around neck)
 I - a cursed +5 ring of evasion (right hand)
 O - an uncursed ring of fire
 R - an uncursed ring of resist corrosion
Wands
 n - a wand of enslavement (9/24)
 U - a wand of lightning (9/15)
 V - a wand of paralysis (15/24)
Scrolls
 o - a scroll of teleportation
 p - 6 scrolls of amnesia
 s - 8 scrolls of remove curse
 v - a scroll of identify
 B - a scroll of fog
 K - 2 scrolls of recharging
 L - a scroll of blinking
 M - a scroll of magic mapping
Potions
 f - a potion of cure mutation
 g - 2 potions of agility
 i - 5 potions of haste
 l - a potion of magic
 m - a potion of berserk rage
 q - 5 potions of curing
 u - 2 potions of flight
 z - 2 potions of cancellation
 N - a potion of invisibility
Books
 P - a book of Party Tricks

   Spells                             Type                      Level
   a - Summon Butterflies             Summoning                    1
   b - Apportation                    Translocation                1
   c - Lesser Beckoning               Translocation                3
   d - Tukima's Dance                 Hexes                        3
   e - Alistair's Intoxication        Transmutation/Poison         5
   f - Invisibility                   Hexes                        6
 T - a book of Maledictions

   Spells                             Type                      Level
   a - Corona                         Hexes                        1
   b - Ensorcelled Hibernation        Hexes/Ice                    2
   c - Confuse                        Hexes                        3
   d - Tukima's Dance                 Hexes                        3
   e - Dazzling Spray                 Conjuration/Hexes            3
Comestibles
 d - 9 meat rations
 t - a royal jelly
 E - 5 beef jerkies


   Skills:
 - Level 6.0 Fighting
 - Level 8.0 Short Blades
 - Level 8.5 Dodging
 - Level 7.0 Stealth
 + Level 12.3 Spellcasting
 + Level 13.3 Conjurations
 - Level 3.0 Summonings
 - Level 1.0 Translocations
 + Level 10.5 Fire Magic
 + Level 3.8 Evocations


You had 7 spell levels left.
You knew the following spells:

 Your Spells              Type           Power        Failure   Level  Hunger
a - Magic Dart            Conj           ####         0%          1    None
b - Dazzling Spray        Conj/Hex       ######       1%          3    None
c - Mephitic Cloud        Conj/Pois/Air  #####...     1%          3    None
d - Iskenderun's Battles  Conj/Chrm      ######..     2%          5    ###....
e - Sticky Flame          Conj/Fire      ######..     1%          4    None
f - Conjure Flame         Conj/Fire      ######..     1%          3    None
g - Blink                 Tloc           N/A          3%          2    None
h - Fulminant Prism       Conj/Hex       ######....   1%          4    None
i - Repel Missiles        Chrm/Air       ###...       6%          2    None
j - Call Imp              Summ           ####....     1%          2    None
q - Apportation           Tloc           ###.......   2%          1    None


Dungeon Overview and Level Annotations

Branches:
Dungeon (12/15)            Temple (1/1) D:5            Lair (6/6) D:9
 Shoals (0/4) Lair:2        Snake (0/4) Lair:2        Slime (0/5) Lair:5
    Orc (2/2) D:12            Elf (0/3) Orc:2

Altars:
Ashenzari
Cheibriados
Dithmenos
Elyvilon
Fedhas
Gozag
Hepliaklqana
Kikubaaqudgha
Makhleb
Nemelex Xobeh
Okawaru
Qazlal
Ru
Sif Muna
Trog
Uskayaw
Vehumet
Xom
Yredelemnul
Zin
The Shining One
Jiyva

Shops:
Orc:1 }   Orc:2 %*([

Annotations:
D:7 Heartnet's ghost, novice HuGl
Lair:6 moogleknight's ghost, journeyman DsWn


Innate Abilities, Weirdness & Mutations

You are small and have problems with some larger weapons.
You are carnivorous and can eat meat at any time.


Message History

Casting: Mephitic Cloud
Confirm with . or Enter, or press ? or * to list all spells.
Aiming: Dazzling Spray
Press: ? - help, Shift-Dir - straight line The spray of energy hits the deep elf knight.
The deep elf knight is moderately wounded.
The deep elf knight is dazzled.
The spray of energy hits the orc knight.
The orc knight is moderately wounded.
The orc knight is dazzled.
The spray of energy hits the deep elf knight.
The deep elf knight is moderately wounded.
The deep elf knight is dazzled.
The deep elf knight is engulfed in noxious fumes.
The deep elf knight shoots an arrow.
The arrow misses you.
The deep elf knight is engulfed in noxious fumes.
The deep elf knight casts a spell at you.
The shard of ice hits you!
Ouch! That really hurt!
You die...

##.......# #........# #........#
#..###...# #..#(#...####
#..###......# #....§o§###.#
########....e§§@.#.#
............e§#.#.#
###.....#.##.####(#)######
..#.....#.#.......#.#....#######
.....####.....####.>............
..#..#.....8.....##.#....#######
#..#%..........##(########
#..........(......# #....#
#...8....>....8...# #....#


You could see an orc knight (confused), 2 deep elf knights and an enchanted long
sword.

Vanquished Creatures
  Nessos (D:12)
  3 hydras
  4 death yaks (Lair:6)
  4 orc high priests (Orc:2)
  Urug (D:12)
  A deep elf knight (D:11)
  The ghost of redmage the Cleaver, a novice VSAK of Lugonu (D:8)
  2 orc sorcerers (Orc:2)
  A wolf spider (Lair:6)
  A cyclops (Orc:1)
  2 manticores
  2 ugly things
  6 black mambas
  A guardian serpent (Lair:6)
  An elephant (D:9)
  15 spiny frogs
  4 komodo dragons
  3 trolls
  4 hornets
  A two-headed ogre (D:10)
  A snapping turtle (Lair:2)
  6 hippogriffs
  6 dream sheep (Lair:4)
  14 blink frogs
  A redback (Lair:6)
  9 wyverns
  6 yaks
  A steam dragon (D:10)
  A soldier ant (D:12)
  4 nagas (Lair:2)
  14 water moccasins
  4 wargs (Orc:2)
  5 porcupines
  15 orc warriors
  4 ice beasts
  A phantom (D:6)
  3 black bears
  A black bear (shapeshifter) (D:11)
  A wolf (Lair:6)
  A necrophage (D:9)
  2 sky beasts
  5 ogres
  4 boggarts (Lair:6)
  11 crocodiles
  5 centaurs
  2 big kobolds
  10 bullfrogs
  A gnoll sergeant (D:11)
  A wyvern zombie (D:12)
  3 killer bees (D:10)
  3 bullfrog zombies
  2 centaur zombies
  5 crimson imps
  31 orc priests
  4 hounds
  3 jellies
  20 orc wizards
  2 centaur skeletons
  7 iguanas
  10 worker ants
  13 adders
  5 gnolls (D:11)
  A river rat (Lair:6)
  3 shadow imps
  2 oozes
  An adder skeleton (D:5)
  2 worms
  3 leopard geckos
  61 orcs
  8 bats
  4 giant cockroaches
  A goblin (D:2)
  3 hobgoblins
  3 jackals (D:4)
  3 quokkas
  A ball python (D:3)
  2 frilled lizards
  10 kobolds
  A quokka skeleton (D:7)
  A quokka zombie (D:9)
  5 rats
420 creatures vanquished.

Vanquished Creatures (collateral kills)
  A jelly (D:6)
  An iguana (D:6)
  2 adders
  A worm (D:2)
  An orc (D:4)
  A hobgoblin (D:2)
  A goblin (D:2)
  A kobold (D:2)
  A rat (D:2)
10 creatures vanquished.

Vanquished Creatures (others)
  An orc priest (Orc:2)
  An orc (Orc:2)
  15 fulminant prisms
  8 fungi (Lair:6)
  12 plants (Lair:6)
37 creatures vanquished.

Grand Total: 467 creatures vanquished

Notes
Turn   | Place    | Note
-------+----------+-------------------------------------------
     0 | D:1      | PurpleRed the Kobold Wizard began the quest for the Orb.
     0 | D:1      | Reached XP level 1. HP: 10/10 MP: 4/4
   120 | D:1      | Reached XP level 2. HP: 15/15 MP: 3/6
   124 | D:1      | Learned a level 2 spell: Call Imp
   177 | D:1      | Reached skill level 2 in Conjurations
   318 | D:2      | Reached XP level 3. HP: 13/19 MP: 5/7
   413 | D:2      | Learned a level 3 spell: Mephitic Cloud
   445 | D:2      | Found a snail-covered altar of Cheibriados.
   615 | D:3      | Reached skill level 3 in Conjurations
   615 | D:3      | Reached XP level 4. HP: 9/24 MP: 2/9
   678 | D:3      | Reached skill level 8 in Conjurations
   678 | D:3      | Reached XP level 5. HP: 9/36 MP: 1/14
   825 | D:3      | Found a blossoming altar of Fedhas.
   916 | D:4      | Found an iron altar of Okawaru.
   955 | D:4      | Reached skill level 1 in Short Blades
   983 | D:4      | Found a deep blue altar of Sif Muna.
   990 | D:4      | Noticed a black bear
  1019 | D:4      | Killed a black bear
  1019 | D:4      | Reached XP level 6. HP: 40/41 MP: 11/15
  1067 | D:4      | Found a sparkling altar of Nemelex Xobeh.
  1175 | D:5      | Entered Level 5 of the Dungeon
  1208 | D:5      | Found a staircase to the Ecumenical Temple.
  1221 | Temple   | Entered the Ecumenical Temple
  1255 | Temple   | Became a worshipper of Vehumet
  1301 | D:5      | Found an opulent altar of Gozag.
  1301 | D:5      | Found a glowing silver altar of Zin.
  1342 | D:5      | Noticed a fire elemental
  1345 | D:5      | Found a stormy altar of Qazlal.
  1346 | D:5      | Noticed an air elemental
  1351 | D:5      | Noticed a water elemental
  1413 | D:5      | Noticed a sky beast
  1419 | D:5      | Killed a sky beast
  1419 | D:5      | Reached XP level 7. HP: 46/46 MP: 13/17
  1825 | D:6      | Reached XP level 8. HP: 25/51 MP: 3/18
  1892 | D:6      | Reached * piety under Vehumet
  1892 | D:6      | Offered knowledge of Sting by Vehumet.
  1892 | D:6      | Reached skill level 5 in Stealth
  1996 | D:6      | Found a hazy altar of Hepliaklqana.
  2199 | D:7      | Reached skill level 5 in Short Blades
  2209 | D:7      | Noticed Heartnet's ghost (novice HuGl)
  2336 | D:8      | Learned a level 2 spell: Repel Missiles
  2341 | D:8      | Learned a level 3 spell: Dazzling Spray
  2446 | D:8      | Noticed a wyvern
  2454 | D:8      | Killed a wyvern
  2509 | D:8      | Found a shimmering altar of Xom.
  2517 | D:8      | Found a white marble altar of Elyvilon.
  2517 | D:8      | Found a glowing golden altar of the Shining One.
  2559 | D:7      | Reached XP level 9. HP: 47/55 MP: 17/19
  2658 | D:8      | Noticed redmage's ghost (novice VSAK)
  2728 | D:8      | Killed redmage's ghost
  2759 | D:8      | Noticed a hippogriff
  2775 | D:8      | Killed a hippogriff
  2972 | D:9      | Found a staircase to the Lair.
  2972 | D:9      | Noticed an elephant
  2998 | D:9      | Killed an elephant
  2998 | D:9      | Reached skill level 9 in Conjurations
  3076 | D:9      | Learned a level 3 spell: Conjure Flame
  3084 | D:10     | Entered Level 10 of the Dungeon
  3086 | D:10     | Reached XP level 10. HP: 57/60 MP: 11/20
  3118 | D:10     | Reached ** piety under Vehumet
  3118 | D:10     | Offered knowledge of Searing Ray by Vehumet.
  3197 | D:9      | Reached skill level 1 in Fire Magic
  3824 | D:10     | Reached skill level 5 in Dodging
  3927 | D:10     | Offered knowledge of Throw Flame by Vehumet.
  4038 | D:11     | Noticed a white ugly thing
  4043 | D:11     | Noticed a manticore
  4208 | D:10     | Killed a white ugly thing
  4235 | D:11     | Killed a manticore
  4273 | D:12     | Noticed a four-headed hydra
  4362 | D:11     | Reached *** piety under Vehumet
  4428 | D:11     | Reached XP level 11. HP: 64/64 MP: 19/23
  4700 | D:12     | Noticed a deep elf knight
  4700 | D:12     | Noticed an orc knight
  4700 | D:12     | Noticed an enchanted long sword
  4700 | D:12     | Noticed Urug
  4700 | D:12     | Noticed a deep elf knight
  4701 | D:12     | Noticed a deep elf knight
  4713 | D:11     | Killed a deep elf knight
  4830 | Lair:1   | Entered Level 1 of the Lair of Beasts
  4838 | Lair:1   | Learned a level 2 spell: Blink
  4853 | Lair:1   | Reached skill level 10 in Conjurations
  4950 | Lair:2   | Found a staircase to the Snake Pit.
  4978 | Lair:2   | Offered knowledge of Fulminant Prism by Vehumet.
  5110 | Lair:2   | Found a staircase to the Shoals.
  5125 | Lair:2   | Reached skill level 5 in Fire Magic
  5166 | Lair:2   | Learned a level 4 spell: Fulminant Prism
  5207 | Lair:3   | Got a sheer robe
  5218 | Lair:3   | Identified the cursed +0 robe "Ibutty" {rPois Dex+4} (You found it on level 3 of the Lair of Beasts)
  5365 | Lair:4   | Reached XP level 12. HP: 62/70 MP: 22/25
  5477 | Lair:5   | Reached **** piety under Vehumet
  5482 | Lair:6   | Entered Level 6 of the Lair of Beasts
  5527 | Lair:5   | Offered knowledge of Sticky Flame by Vehumet.
  5533 | Lair:5   | Learned a level 4 spell: Sticky Flame
  5623 | Lair:5   | Reached skill level 11 in Conjurations
  5753 | Lair:5   | Noticed a five-headed hydra
  5772 | Lair:5   | Killed a five-headed hydra
  5796 | Lair:5   | Found a runed door.
  5797 | Lair:5   | Found a viscous altar of Jiyva.
  5801 | Lair:5   | Found a staircase to the Slime Pits.
  5890 | Lair:5   | Upgraded the game from 0.19-a0-1852-gc11d922 to 0.19-a0-1856-g32653aa
  5992 | Lair:6   | Reached skill level 10 in Spellcasting
  6247 | Lair:6   | Noticed moogleknight's ghost (journeyman DsWn)
  6249 | Lair:6   | Reached ***** piety under Vehumet
  6253 | Lair:6   | Offered knowledge of Bolt of Magma by Vehumet.
  6323 | Lair:6   | Reached XP level 13. HP: 72/74 MP: 20/27
  6470 | Lair:6   | Reached skill level 12 in Conjurations
  7093 | Lair:4   | Noticed an eight-headed hydra
  7138 | Lair:4   | Got an iridescent broad axe
  7159 | Lair:4   | Killed an eight-headed hydra
  7284 | Lair:2   | Learned a level 1 spell: Apportation
  7313 | Lair:2   | You fall through a shaft!
  7409 | Lair:1   | Identified the +6 broad axe "Peomevush" {drain, +Fly rC+ MR+ Dex+2} (You found it on level 4 of the Lair of Beasts)
  7521 | D:12     | Noticed Nessos
  7534 | D:12     | Killed Nessos
  7576 | D:12     | Found a staircase to the Orcish Mines.
  7667 | D:12     | Killed a four-headed hydra
  7719 | D:12     | Reached XP level 14. HP: 70/80 MP: 22/29
  7736 | D:12     | Reached skill level 13 in Conjurations
  7785 | Orc:1    | Entered Level 1 of the Orcish Mines
  7826 | Orc:1    | Found Eroi's Gadget Shop.
  7857 | Orc:1    | Reached skill level 10 in Fire Magic
  7981 | Orc:2    | Entered Level 2 of the Orcish Mines
  7987 | Orc:2    | Offered knowledge of Iskenderun's Battlesphere by Vehumet.
  8013 | Orc:2    | Learned a level 5 spell: Iskenderun's Battlesphere
  8157 | Orc:2    | Found a staircase to the Elven Halls.
  8190 | Orc:2    | Reached skill level 1 in Evocations
  8563 | Orc:2    | Found Yfriatzi's Food Boutique.
  8563 | Orc:2    | Found Rehu's Assorted Antiques.
  8760 | Orc:2    | Found Aliekhemu's Antique Armour Shop.
  8760 | Orc:2    | Found Payz's Weapon Shop.
  8813 | Orc:2    | Bought a glowing cloak for 231 gold pieces
  8823 | Orc:2    | Bought a twisted silver wand for 104 gold pieces
  8823 | Orc:2    | Bought a bronze wand for 104 gold pieces
  8922 | D:12     | Offered knowledge of Conjure Ball Lightning by Vehumet.
  8942 | D:12     | Killed Urug
  8969 | D:12     | Killed from afar by a deep elf knight

Vault maps used:
D:1:      shiori_arrival_oz
D:2:      lemuel_doored_altar
D:3:      first_bread, fedhas_altar_4, uniq_natasha
D:4:      kennysheep_mini, old_standard_altar, nemelex_xobeh_ov_fountains_minmay
D:5:      grunt_temple_overflow_gold_and_silver,
          nicolae_qazlal_style_of_elements
D:6:      lemuel_round_altar, uniq_crazy_yiuf_cottage
D:7:      lemuel_ice_spiral_2, serial_shops, nicolae_shop_crystal, the_bakery,
          kennysheep_generic_room_13
D:8:      grunt_temple_overflow_open
D:9:      david_lair_generic
D:12:     david_orc_2, basic_altar, sword_in_stone, uniq_nessos
Temple:   cyrus_temple_forest
Lair:1:   beast_lair_carwin_large_2, serial_bayou_shore_b, lemuel_fruit_tree,
          uniq_grum
Lair:2:   minmay_shoals_entry_hut, minmay_snake_entry_guardpost_small
Lair:3:   uniq_snorg, uniq_urug
Lair:5:   slime_altar_2, grunt_megastairs_5
Lair:6:   hangedman_lair_tendril_chambers, special_room,
          kilobyte_rumbling_trees, uniq_kirke
Orc:1:    serial_shops, shop
Orc:2:    st_orc_mages

Skill      XL: |  1  2  3  4  5  6  7  8  9 10 11 12 13 14 |
---------------+-------------------------------------------+-----
Conjurations   | 2 3 8 9 10 11 12 13 | 13.3
Fighting       | 6 |  6.0
Spellcasting   | 6 7 8 9 10 11 12 | 12.3
Short Blades   | 1 2 3 6 8 |  8.0
Stealth        | 3 4 6 7 |  7.0
Summonings     | 2 3 |  3.0
Dodging        | 3 6 8 |  8.5
Fire Magic     | 3 5 7 9 10 | 10.5
Evocations     | 3 |  3.8
Translocations | |  1.0

Action                   |  1- 3 |  4- 6 |  7- 9 | 10-12 | 13-15 || total
-------------------------+-------+-------+-------+-------+-------++-------
Melee: Dagger            |    32 |    40 |   156 |   397 |   197 ||   822
       Whip              |    26 |       |       |       |       ||    26
       Staff             |       |       |       |       |     1 ||     1
Throw: Throwing net      |       |       |       |       |     2 ||     2
 Cast: Magic Dart        |    37 |    23 |    25 |     7 |    95 ||   187
       Call Imp          |     9 |     5 |    24 |     3 |     1 ||    42
       Mephitic Cloud    |       |     3 |    22 |    70 |    21 ||   116
       Dazzling Spray    |       |       |    10 |    61 |    46 ||   117
       Repel Missiles    |       |       |     1 |     1 |       ||     2
       Sticky Flame      |       |       |       |    26 |    58 ||    84
       Fulminant Prism   |       |       |       |     2 |    13 ||    15
       Blink             |       |       |       |       |     9 ||     9
       Apportation       |       |       |       |       |     2 ||     2
       Iskenderun's Batt |       |       |       |       |    18 ||    18
Evoke: Wand              |       |       |     1 |     1 |     3 ||     5
       Staff of energy   |       |       |       |    12 |    46 ||    58
  Use: Scroll            |       |     4 |     6 |    16 |     4 ||    30
       Potion            |       |     2 |     1 |       |       ||     3
 Stab: Sleeping          |     4 |     2 |     4 |    11 |     5 ||    26
       Confused          |       |     1 |    13 |    36 |    10 ||    60
       Distracted        |       |       |     1 |     2 |     1 ||     4
       Invisible         |       |       |       |    17 |     7 ||    24
       Held in net/web   |       |       |       |       |     1 ||     1
  Eat: Chunk             |     4 |     6 |     6 |    12 |     7 ||    35
Armor: Robe              |    17 |     5 |    15 |    39 |    10 ||    86
Dodge: Dodged            |    64 |    30 |    85 |   324 |   250 ||   753
       Deflected         |       |       |     1 |       |     1 ||     2
